 Dungeon Crawl Stone Soup version 0.26.0-10-g1f06aea511 (webtiles) character file.

Game seed: 2905162750335284674

2 sanka the Sneak (level 1, -2/21 HPs)
             Began as a Naga Delver on Jan 20, 2021.
             Slain by a worker ant (7 damage)
             ... on level 5 of the Dungeon.
             The game lasted 00:00:15 (29 turns).

sanka the Sneak (Naga Delver)                         Turns: 29, Time: 00:00:16

Health: -2/21      AC:  1    Str: 14    XL:     1   Next: 30%
Magic:  1/1        EV:  9    Int: 10    God:
Gold:   18         SH:  0    Dex: 12    Spells: 0/0 levels left

rFire    . . .     SeeInvis +   a - +0 hand axe
rCold    . . .     Faith    .   (no shield)
rNeg     . . .     Spirit   .   b - +0 leather armour
rPois    +         Reflect  .   (no helmet)
rElec    .         Harm     .   (no cloak)
rCorr    .         Rampage  .   (no gloves)
Will     .....                  (no barding)
Stlth    +++.......             (no amulet)
HPRegen  0.07/turn              (no ring)
MPRegen  0.07/turn              (no ring)

@: short of breath, very slow
A: large, see invisible, deformed body, poison resistance, slowness 2, spit
poison 1, AC +0
a: Spit Poison


You were on level 5 of the Dungeon.
You visited 1 branch of the dungeon, and saw 1 of its levels.

You collected 18 gold pieces.


Innate Abilities, Weirdness & Mutations

You cannot wear boots.
Your serpentine skin is tough. (AC +0)
You have supernaturally acute eyesight. (SInv)
Armour fits poorly on your strangely shaped body.
Your system is resistant to poisons. (rPois)
You cover ground very slowly.
You can spit poison.


   Skills:
 - Level 3.0 Fighting
 - Level 2.0 Axes
 - Level 1.5 Dodging
 + Level 7.4 Stealth


You couldn't memorise any spells.
You didn't know any spells.
Your spell library was empty.

Inventory:

Hand Weapons
 a - a +0 hand axe (weapon)
Armour
 b - a +0 leather armour (worn)
Wands
 g - a wand of digging (3)
Scrolls
 c - a scroll of fog
 d - a scroll of magic mapping
 e - a scroll of fear
 h - a scroll of teleportation {unknown}
Potions
 f - a potion of haste {@q3}

Dungeon Overview and Level Annotations

Branches:
Dungeon (5/15)
 Temple: D:4-7

Altars:

Annotations:
D:5 Ijyb g

....▒ .c ▒...▒
...▒
?▒▒...▒▒..(▒
....w▒....▒ ▒...
▒[.B▒....▒
▒▒...▒▒...▒....▒
▒.....▒...▒▒...▒
▒.....▒..w▒▒...▒
▒.....▒...BN...▒
▒....▒▒▒▒▒▒▒...▒
▒....▒▒...▒▒...▒
▒....>..[..▒...▒
▒..........'...▒
▒..........▒...▒
▒.........▒▒...▒
▒.........▒▒▒▒▒▒
▒...........


You could see a worm and a worker ant (poisoned).


Message History

A worker ant comes into view.
The leopard gecko barely misses you.
You hit the leopard gecko.
The leopard gecko is severely wounded.
The leopard gecko bites you. The leopard gecko barely misses you.
The leopard gecko completely misses you.
There is an open door here.
You miss the leopard gecko.
The leopard gecko is severely wounded.
The leopard gecko bites you.
You closely miss the leopard gecko.
The leopard gecko is severely wounded.
The leopard gecko bites you.
* * * LOW HITPOINT WARNING * * *
The leopard gecko closely misses you.
You closely miss the leopard gecko.
The leopard gecko is severely wounded.
The leopard gecko misses you.
You hit the leopard gecko.
You kill the leopard gecko!
The worker ant bites you.
* * * LOW HITPOINT WARNING * * *
Use which ability? (? or * to list)
Aim: a worker ant The splash of poison hits the worker ant!
The worker ant is poisoned.
The worker ant is heavily wounded.
The worker ant bites you!
You die...

Action                   || total
-------------------------++-------
Melee: Hand axe          ||     7
 Abil: Spit Poison       ||     1
Dodge: Dodged            ||     7

Levels and vault maps discovered:
D:5:      layout_gridville, uniq_ijyb

Notes
Turn   | Place    | Note
-------+----------+-------------------------------------------
     0 | D:5      | sanka the Naga Delver began the quest for the Orb.
     0 | D:5      | Reached XP level 1. HP: 21/21 MP: 1/1
    18 | D:5      | Noticed Ijyb
    18 | D:5      | Noticed a centaur
    20 | D:5      | Noticed a worker ant
    29 | D:5      | Slain by a worker ant

Vanquished Creatures
  A leopard gecko (D:5)
1 creature vanquished.

Table legend: (Time is in decaauts)
 A = Elapsed time spent in this place.
 B = Non-inter-level travel time spent in this place.
 C = Inter-level travel time spent in this place.
 D = Time resting spent in this place.
 E = Time spent auto-exploring this place.
 F = Levels seen in this place.
 G = Mean time per level.
                   A        B        C        D        E       F      G
               +--------+--------+--------+--------+--------+-----+--------+
         Total |     37 |     37 |      0 |      0 |     19 |   1 |   37.0 |
       Dungeon |     37 |     37 |      0 |      0 |     19 |   1 |   37.0 |
               +--------+--------+--------+--------+--------+-----+--------+

Top non-repeatable levels by time:
     D:5: 37 daAuts
